 Dungeon Crawl Stone Soup version 0.27.1-4-g1640c2035a (webtiles) character file.

Game seed: 1355163710764941015

151 raph the Slasher (level 5, -1/45 HPs)
             Began as a Minotaur Fighter on Nov 9, 2021.
             Killed from afar by an orc wizard (7 damage)
             ... with a magic dart
             ... on level 3 of the Dungeon.
             The game lasted 00:03:33 (2428 turns).

raph the Slasher (Minotaur Fighter)                 Turns: 2428, Time: 00:03:34

Health: -1/45      AC:  6    Str: 20    XL:     5   Next: 10%
Magic:  4/4        EV:  7    Int:  5    God:
Gold:   85         SH: 10    Dex: 17    Spells: 4/4 levels left

rFire    . . .     SeeInvis .   a - +1 long sword (elec)
rCold    . . .     Faith    .   c - +0 kite shield
rNeg     . . .     Spirit   .   k - +0 scale mail
rPois    .         Reflect  .   (helmet restricted)
rElec    .         Harm     .   (no cloak)
rCorr    .         Rampage  .   (no gloves)
Will     .....                  (no boots)
Stlth    ..........             (no amulet)
HPRegen  0.15/turn              g - +6 ring of dexterity
MPRegen  0.09/turn              (no ring)

@: mighty
A: horns 2, retaliatory headbutt
a: no special abilities


You were on level 3 of the Dungeon.
You visited 1 branch of the dungeon, and saw 3 of its levels.

You collected 85 gold pieces.

Inventory:

Hand Weapons
 a - a +1 long sword of electrocution (weapon)
 b - a +0 hunting sling
 m - a +0 long sword
Missiles
 l - 13 sling bullets
Armour
 c - a +0 kite shield (worn)
 k - a +0 scale mail (worn)
Jewellery
 g - a +6 ring of dexterity (left hand)
 n - a ring of fire
Scrolls
 e - 2 scrolls of immolation {unknown}
 f - 5 scrolls of identify {unknown}
 h - 2 scrolls of teleportation {unknown}
 i - a scroll of amnesia {unknown}
 p - a scroll of acquirement {unknown}
Potions
 j - a potion of flight {unknown}
 o - a potion of degeneration {unknown}
 q - a potion of attraction {unknown}
 r - a potion of lignification {unknown}
 s - a potion of curing {unknown}


   Skills:
 - Level 3.6 Fighting
 + Level 6.5 Long Blades
 - Level 3.6 Armour
 - Level 3.6 Shields


You had 4 spell levels left.
You didn't know any spells.
Your spell library contained the following spells:

 Spells                   Type           Power      Damage    Failure   Level
 Blink                    Tloc           N/A        N/A       100%        2
 Lesser Beckoning         Tloc           0%         N/A       100%        3
 Manifold Assault         Tloc           0%         N/A       100%        5


Dungeon Overview and Level Annotations

Branches:
Dungeon (3/15)

Altars:
Uskayaw
Wu Jian
Beogh

Shops:
D:3 [

Annotations:
D:2 gols


Innate Abilities, Weirdness & Mutations

You have a pair of horns on your head.
You reflexively headbutt those who attack you in melee.


Message History

You hit the orc. Lightning courses through the orc!
You kill the orc!
You block the bat's attack. The bat hits you.
Your shield and scale mail prevent you from hitting something.
You headbutt something. The bat barely misses you.
The bat hits you but does no damage.
An orc comes into view. It is wielding a +0 mace.
Something hits you but does no damage. The bat hits you but does no damage.
The bat barely misses you.
You riposte.
You hit the bat. Lightning courses through the bat!
You kill the bat!
You hear some strange, mumbled words.
Something tries to affect you, but you resist.
The bat barely misses you.
You riposte.
You slash the bat!
You kill the bat!
An orc comes into view. It is wielding a +0 club.
You miss something. Something hits you.
You miss something. You headbutt something. You block something's attack.
The orc priest invokes the aid of Beogh against you.
Beogh smites you!
* * * LOW HITPOINT WARNING * * *
The orc priest looks encouraged for a moment.
The orc priest hits you with a +0 short sword.
* * * LOW HITPOINT WARNING * * *
You see here a bat corpse.
You feel very mighty all of a sudden. Something hits you.
* * * LOW HITPOINT WARNING * * *
The orc priest looks satisfied for a moment.
You completely miss the orc priest. Your headbutt misses the orc priest.
A rat comes into view.
Something hits you but does no damage.
The orc priest hits you but does no damage. x2
The orc closely misses you. You furiously retaliate!
You headbutt the orc!
You kill the orc!
You closely miss the orc priest.
You hear some strange, mumbled words.
A magic dart appears from out of thin air!
The magic dart hits you!
You die...

##..# #.# .... ... ...
#.. .# . # #.# #.##.###
. ..#.#####.#
#.##....#.. #.........#
##.##.# #.#.
#..?......###.....####.#
.......@o.............#.
#r....)o{#####.........#
#.....o)##$$.##...).#.#.
#.......#$8.8.#......∩..
#.......#_$$..')...##.#.
#.......#$8$8o#.........
#.########..$####.##.##.
.. #### #.##.##.
..##.##.


You could see 2 orc priests, an orc and a rat.

Vanquished Creatures
  Robin (D:3)
  8 adders
  2 dart slugs
  6 orcs
  5 bats
  2 giant cockroaches (D:2)
  14 goblins
  4 hobgoblins
  7 jackals
  3 kobolds
  2 ball pythons
  2 rats (D:1)
56 creatures vanquished.

Notes
Turn   | Place    | Note
-------+----------+-------------------------------------------
     0 | D:1      | raph the Minotaur Fighter began the quest for the Orb.
     0 | D:1      | Reached XP level 1. HP: 19/19 MP: 0/0
    56 | D:1      | Reached skill level 3 in Long Blades
    70 | D:1      | Reached XP level 2. HP: 19/26 MP: 1/1
   247 | D:1      | Found a faded altar of an unknown god.
   803 | D:2      | Reached skill level 4 in Long Blades
   803 | D:2      | Reached XP level 3. HP: 24/31 MP: 2/2
  1274 | D:2      | Reached skill level 5 in Long Blades
  1278 | D:2      | Reached XP level 4. HP: 38/39 MP: 3/3
  1563 | D:2      | Found an ornate altar of the Wu Jian Council.
  1928 | D:3      | Found a hide-covered altar of Uskayaw.
  1942 | D:3      | Noticed Robin
  1968 | D:3      | Killed Robin
  1969 | D:3      | Reached skill level 6 in Long Blades
  2358 | D:3      | Reached XP level 5. HP: 41/45 MP: 4/4
  2392 | D:3      | Found Moleil's Antique Armour Shop.
  2428 | D:3      | Killed from afar by an orc wizard

Illustrated notes

Levels and vault maps discovered:
D:1:      dpeg_arrival_radiant, layout_rooms, shapermc_ecumenical_altar_ellora
D:2:      layout_rooms, basic_altar, lemuel_flame_loot_1
D:3:      layout_basic, nicolae_wu_jian_immortal_techniques,
          overflow_temple_1_default, serial_shops, nicolae_shop_crystal,
          kennysheep_orc_chapel, uniq_robin

Skill      XL: |  1  2  3  4 |
---------------+-------------+-----
Long Blades    | 3 4 5 6 |  6.5
Fighting       | |  3.6
Armour         | |  3.6
Shields        | |  3.6

Action                   |  1- 3 |  4- 6 || total
-------------------------+-------+-------++-------
Melee: Long sword        |    68 |    49 ||   117
       Headbutt          |     8 |    11 ||    19
  Use: Potion            |       |     1 ||     1
Armor: Scale mail        |    38 |    21 ||    59
Dodge: Dodged            |    20 |    21 ||    41
Block: Kite shield       |    41 |    28 ||    69
       Rpst.: Long sword |     4 |     8 ||    12
